 Dungeon Crawl Stone Soup version 0.19.5 (webtiles) character file.

124 Monsterracer the Digger (level 4, 0/36 HPs)
             Began as a Deep Dwarf Earth Elementalist on May 7, 2017.
             Killed by divine providence
             ... invoked by an orc priest
              (12 damage)
             ... on level 3 of the Dungeon on May 8, 2017.
             The game lasted 00:12:38 (3113 turns).

Monsterracer the Digger (DDEE)                      Turns: 3113, Time: 00:12:38

Health: 0/36       AC:  4    Str: 11    XL:     4   Next: 81%
Magic:  1/8        EV: 12    Int: 17    God:
Gold:   119        SH:  0    Dex: 13    Spells: 3 memorised, 2 levels left

rFire  . . .     SeeInvis .     r - +0 spear (curse)
rCold  . . .     Gourm    .     c - +0 robe
rNeg   . . .     Faith    .     (no shield)
rPois  .         Spirit   .     n - +0 helmet
rElec  .         Reflect  .     (no cloak)
rCorr  .         Harm     .     i - +0 pair of gloves
MR     .....                    (no boots)
Stlth  ++........               (no amulet)
                                (no ring)
                                (no ring)

@: non-regenerating
A: damage resistance, recharge devices, sense surroundings 1, slow regeneration
3
a: Device Recharging


You were on level 3 of the Dungeon.
You were hungry.

You visited 1 branch of the dungeon, and saw 3 of its levels.

You collected 119 gold pieces.

Inventory:

Hand Weapons
 r - a cursed +0 spear (weapon)
 s - a +1 vampiric trident
Missiles
 b - 102 stones (quivered)
Armour
 c - a +0 robe (worn)
 h - a +0 buckler
 i - a +0 pair of gloves (worn)
 n - a +0 helmet (worn)
Wands
 d - a wand of heal wounds (4/9)
Scrolls
 a - 3 scrolls of blinking {unknown}
 g - 3 scrolls of identify {unknown}
 o - a scroll of remove curse {unknown}
 p - a scroll of noise {unknown}
 q - a scroll of enchant armour {unknown}
Potions
 l - a potion of cure mutation
 m - a potion of ambrosia
Books
 e - a book of Geomancy

   Spells                             Type                      Level
   a - Sandblast                      Earth                        1
   b - Passwall                       Transmutation/Earth          2
   c - Stone Arrow                    Conjuration/Earth            3
   d - Petrify                        Transmutation/Earth          4
   e - Lee's Rapid Deconstruction     Earth                        5
Comestibles
 f - a bread ration
 j - 2 meat rations


   Skills:
 - Level 2.1 Dodging
 - Level 2.4 Stealth
 + Level 2.9 Spellcasting
 + Level 1.0 Conjurations
 - Level 0.8 Transmutations
 * Level 6.0 Earth Magic


You had 2 spell levels left.
You knew the following spells:

 Your Spells              Type           Power        Failure   Level  Hunger
a - Sandblast             Erth           ###...       1%          1    None
b - Passwall              Tmut/Erth      ##........   10%         2    ##.....
c - Stone Arrow           Conj/Erth      ##....       14%         3    ###....


Dungeon Overview and Level Annotations

Branches:
Dungeon (3/15)

Altars:


Innate Abilities, Weirdness & Mutations

You are resistant to damage.
You can recharge devices by infusing magical energy.
You passively map a small area around you.
You do not regenerate.


Message History

Confirm with . or Enter, or press ? or * to list all spells.
Aiming: Stone Arrow
Press: ? - help, Shift-Dir - straight line, f/p - orc priest
Aim: an orc priest, wielding a mace and wearing a leather armour (moderately wounded)
The stone arrow hits the orc priest.
The orc priest is almost dead.
The orc priest mumbles some strange prayers to Beogh against you.
Pain shoots through your body!
Casting: Stone Arrow
Confirm with . or Enter, or press ? or * to list all spells.
You don't have enough magic to cast that spell.
Casting: Stone Arrow
Confirm with . or Enter, or press ? or * to list all spells.
Aiming: Sandblast
Press: ? - help, Shift-Dir - straight line, f/p - orc priest
Aim: an orc priest, wielding a mace and wearing a leather armour (almost dead)
The blast of sand misses the orc priest.
The orc priest calls down the wrath of Beogh upon you.
Beogh smites you!
You die...

* , ** ######### , * *
#.......# * #.#####.# ## ,
#<# #.# #. * ##.###@#####.#
#. * #......o..##>#########.
*, ##.###.##.##.##........
#+ * #...†...##.######. ...
* #####.#####.# ####. .$..**
#>........#.# #.... ..... *
#.o##.###.#.# #..#.
o.....####...#.###.#.###....
h.....'.o.........).........


You could see an orc priest.

Vanquished Creatures
  A hound skeleton (D:3)
  4 adders
  2 worms (D:2)
  4 dart slugs
  2 leopard geckos
  An orc (D:2)
  2 giant cockroaches (D:1)
  5 goblins
  8 hobgoblins
  5 jackals
  A ball python (D:1)
  4 bats
  3 frilled lizards (D:2)
  7 kobolds
  9 rats
58 creatures vanquished.

Notes
Turn   | Place    | Note
-------+----------+-------------------------------------------
     0 | D:1      | Monsterracer the Deep Dwarf Earth Elementalist began the quest for the Orb.
     0 | D:1      | Reached XP level 1. HP: 15/15 MP: 3/3
   284 | D:1      | Reached XP level 2. HP: 17/22 MP: 0/5
   546 | D:1      | Learned a level 2 spell: Passwall
   859 | D:1      | Reached XP level 3. HP: 3/28 MP: 4/6
   865 | D:1      | Learned a level 3 spell: Stone Arrow
  1260 | D:2      | Reached skill level 5 in Earth Magic
  1835 | D:2      | Reached XP level 4. HP: 36/36 MP: 3/8
  2922 | D:3      | Reached skill level 1 in Conjurations
  2922 | D:3      | Reached skill level 6 in Earth Magic
  3113 | D:3      | Killed from afar by an orc priest

Skill      XL: |  1  2  3  4 |
---------------+-------------+-----
Spellcasting   | 2 |  2.9
Earth Magic    | 5 6 |  6.0
Conjurations   | 1 |  1.0
Dodging        | |  2.1
Stealth        | |  2.4
Transmutations | |  0.8

Action                   |  1- 3 |  4- 6 || total
-------------------------+-------+-------++-------
Melee: Unarmed           |     9 |       ||     9
       Club              |    11 |       ||    11
       Dagger            |     3 |     9 ||    12
       Spear             |       |     4 ||     4
Throw: Stone             |     1 |       ||     1
 Cast: Sandblast         |    70 |    33 ||   103
       Stone Arrow       |     3 |    12 ||    15
Evoke: Wand              |     1 |       ||     1
  Use: Potion            |     3 |     1 ||     4
 Stab: Sleeping          |       |     1 ||     1
  Eat: Chunk             |     4 |     3 ||     7
       Pizza             |       |     1 ||     1
Armor: Robe              |     9 |    11 ||    20
Dodge: Dodged            |    72 |    22 ||    94
